 Dungeon Crawl Stone Soup version 0.30-a0-939-gc8157cb160 (webtiles) character file.

Game seed: 7738719016730804109

410 SkeletonJelly the Chopper (level 7, 0/52 HPs)
             Began as a Formicid Fighter on Mar 26, 2023.
             Slain by an orc
             ... wielding a +0 short sword
              (2 damage)
             ... on level 4 of the Dungeon.
             The game lasted 00:05:07 (2828 turns).

SkeletonJelly the Chopper (Formicid Fighter)        Turns: 2828, Time: 00:05:08

Health: 0/52       AC: -5    Str: 22    XL:     7   Next: 13%
Magic:  0/7        EV:  8    Int:  8    God:
Gold:   130        SH:  9    Dex: 13    Spells: 6/6 levels left

rFire   + . .      SeeInvis +    a - +0 war axe
rCold   . . .      Faith    .    s - +0 kite shield
rNeg    . . .      Spirit   +    b - +0 scale mail
rPois   .          Reflect  .    (helmet unavailable)
rElec   .          Rampage  .    (no cloak)
rCorr   .                        (no gloves)
Will    .....                    (no boots) Stlth
                                 p - amulet of guardian spirit
HPRegen 0.28/turn                l - ring of protection from fire
MPRegen 0.10/turn                (no ring)

@: corroded
A: permanent stasis, dig shafts and tunnels, antennae 3, four strong arms
a: Dig, Shaft Self


You were on level 4 of the Dungeon.
You visited 1 branch of the dungeon, and saw 4 of its levels.
You also visited: Sewer.

You collected 130 gold pieces.

Inventory:

Hand Weapons
 a - a +0 war axe (weapon)
Missiles
 m - 12 poisoned darts
 w - a curare-tipped dart
Armour
 b - a +0 scale mail (worn)
 c - a +0 buckler
 s - a +0 kite shield (worn)
Jewellery
 l - a ring of protection from fire (left hand)
 p - an amulet of guardian spirit (around neck)
Wands
 x - a wand of polymorph (12)
Scrolls
 e - a scroll of blinking {unknown}
 g - 4 scrolls of identify {unknown}
 h - a scroll of magic mapping
 i - a scroll of teleportation {unknown}
 n - a scroll of immolation {unknown}
 o - a scroll of fear {unknown}
 t - a scroll of enchant armour {unknown}
 y - a scroll of fog {unknown}
Potions
 d - a potion of might
 f - 3 potions of curing {unknown}
 j - a potion of magic {unknown}
 k - 2 potions of attraction {unknown}
 q - a potion of brilliance {unknown}
 r - a potion of ambrosia {unknown}
 u - 2 potions of flight
 v - 4 potions of heal wounds


   Skills:
 - Level 3.2 Fighting
 * Level 6.4 Axes
 - Level 3.2 Armour
 + Level 5.7 Shields


You had 6 spell levels left.
You didn't know any spells.
Your spell library was empty.

Dungeon Overview and Level Annotations

Branches:
Dungeon (4/15)              Sewer (visited)
 Temple: D:4-7

Altars:
Qazlal
Yredelemnul


Innate Abilities, Weirdness & Mutations

You cannot be hasted, slowed, berserked, paralysed or teleported.
You can dig through walls and to a lower floor.
You have a pair of large antennae on your head. (SInv)
Your four strong arms can wield two-handed weapons with a shield.


Message History

You barely miss the adder.
The adder is severely wounded.
You block the adder's attack. x2
You barely miss the adder.
The adder is severely wounded.
You block the adder's attack.
You closely miss the adder.
The adder is severely wounded.
The adder bites you but does no damage. x2
You hit the adder.
The adder is almost dead.
The adder bites you but does no damage. x2
Health restored: 47 You hit the adder.
You kill the adder!
No target in view!
No target in view!
No target in view!
You see here a staff of air.
v - 4 potions of heal wounds (gained 1)
You see here a staff of fire.
x - a wand of polymorph (12)
y - a scroll labelled LOXKIR IMEMP You open the door.
There is an open door here.
You open the door.
There is an open door here.
You open the door.
Found a basalt altar of Yredelemnul.
There is an open door here.
You open the door.
There is an open door here.
You open the door.
There is an open door here.
As you open the door, it creaks loudly!
You hear a shout! x4
A jelly comes into view.
Found a stone staircase leading up.
A jelly is nearby!
An orc priest comes into view. It is wielding a +0 club.
Found 5 gold pieces.
There is an open door here.
An orc comes into view. It is wielding a +0 short sword.
Found a scroll labelled TITHAWA UGYM.
The orc shouts!
You block the jelly's attack.
You hit the jelly.
Your hands burn!
The jelly is lightly wounded.
You block the jelly's attack.
An orc comes into view. It is wielding a +0 hand axe.
The jelly hits you but does no damage.
You hit the jelly. The acid corrodes you!
Your hands burn!
The jelly is moderately wounded.
You block the jelly's attack.
You take 4 damage, and have 43/47 hp.
You hit the jelly. The acid corrodes you!
Your hands burn!
The jelly is heavily wounded.
You closely miss the orc. You hit the orc priest. The jelly hits you.
The acid corrodes you!
You are splashed with acid!
You block the orc's attack. The orc priest hits you with a +0 club.
You take 14 damage, and have 29/47 hp.
MASSIVE DAMAGE!!
You now have 4/6 mp.
You slash the jelly!
You kill the jelly!
You hit the orc priest. You hit the orc but do no damage.
You block the orc's attack.
You have reached level 7!
You regained 4 hp, and now have 33/52 hp.
You barely miss the orc. You closely miss the orc. You block the orc's attack.
An orc priest comes into view. It is wielding a +0 flail.
The orc hits you with a +0 hand axe.
You take 3 damage, and have 30/52 hp.
You now have 3/7 mp.
The orc priest shouts!
You slash the orc priest!
You kill the orc priest!
You hit the orc. You closely miss the orc. The orc hits you with a +0 hand axe.
You block the orc's attack.
An orc comes into view. It is wielding a +0 falchion.
You take 4 damage, and have 26/52 hp.
You now have 2/7 mp.
You block the orc's attack. The orc attacks as you move away!
The orc barely misses you. The orc completely misses you.
You block the orc priest's attack.
You barely miss the orc priest. You closely miss the orc.
You hit the orc but do no damage. The orc hits you with a +0 hand axe.
The orc priest hits you with a +0 flail!
* * * LOW HITPOINT WARNING * * *
You block the orc's attack.
You take 11 damage, and have 15/52 hp.
MASSIVE DAMAGE!!
You now have 1/7 mp.
You hit the orc priest.
The orc priest is lightly wounded.
You barely miss the orc. You hit the orc but do no damage.
The orc priest calls down the wrath of Beogh upon you.
Beogh smites you!
* * * LOW HITPOINT WARNING * * *
The orc priest barely misses you. You block the orc's attack.
You take 13 damage, and have 2/52 hp.
MASSIVE DAMAGE!!
You now have 0/7 mp.
You closely miss the orc priest.
The orc priest is lightly wounded.
You closely miss the orc. You hit the orc but do no damage.
You block the orc's attack. You block the orc priest's attack.
The orc hits you with a +0 short sword.
You die...

*,*,,#+###'#..#....#....8.....
*,*,,#.....#..#..,............
****>+**+##+##'##+,**...#........
*,*,,*,,,,,#.....#,,*####........
,,**,*,,,,,#.....#,,,##..........
,,,,,***+##+##'#####...<##.......
,,,,,,,.......).o.......,,,,,,,.#
,,,,,,*.#......oo$..#..,,,,,,,,**
***,,,,*#.#...##@...#,,,,,,,,.###
**,,,,#,#..##.o.......,,,,,..).
*,,,,,..#o*##........*,,,,....
*,,,,.<.#.**#........,,,,,..,,
*,*,,..,#.**.......?.,,,,,,,..
*,,,,,,,,,,,.........,,,,,,,#.
*,,,,,,,,,,,.....#...,,,,,,,#.
*,,,,,,*,,,....#.#.#.,,,,,,...
**,,,,,*,,,,,,********,,,,,...


You could see an orc priest and 3 orcs.

Vanquished Creatures
  A kobold brigand (Sewer)
  Blork the orc (D:4)
  A jelly (D:4)
  2 orc priests (D:4)
  An orc wizard (D:4)
  6 adders
  A river rat (Sewer)
  3 dart slugs
  12 orcs
  5 bats
  8 endoplasms
  A giant cockroach (D:4)
  9 goblins
  4 hobgoblins
  3 jackals
  3 quokkas
  7 ball pythons
  A frilled lizard (D:3)
  6 kobolds
  10 rats
85 creatures vanquished.

Notes
Turn   | Place    | Note
-------+----------+-------------------------------------------
     0 | D:1      | SkeletonJelly the Formicid Fighter began the quest for the
                  | Orb.
     0 | D:1      | Reached XP level 1. HP: 18/18 MP: 1/1
    68 | D:1      | Reached XP level 2. HP: 21/24 MP: 2/2
   219 | D:1      | Found a faded altar of an unknown god.
   242 | D:1      | Reached skill level 3 in Axes
   507 | D:1      | Reached XP level 3. HP: 26/29 MP: 3/3
  1466 | D:3      | Reached skill level 4 in Axes
  1466 | D:3      | Reached XP level 4. HP: 35/35 MP: 4/4
  2143 | D:4      | Reached XP level 5. HP: 41/41 MP: 5/5
  2174 | D:4      | Found a stormy altar of Qazlal.
  2220 | D:4      | Found a glowing drain.
  2221 | D:4      | Noticed Blork the orc
  2244 | D:4      | Killed Blork the orc
  2245 | D:4      | Reached skill level 5 in Axes
  2249 | Sewer    | Entered a sewer
  2252 | Sewer    | Reached XP level 6. HP: 35/47 MP: 3/6
  2356 | Sewer    | Reached skill level 5 in Shields
  2461 | Sewer    | Found a white marble altar of Elyvilon.
  2599 | D:4      | Reached skill level 6 in Axes
  2805 | D:4      | Found a basalt altar of Yredelemnul.
  2822 | D:4      | Reached XP level 7. HP: 33/52 MP: 4/7
  2827 | D:4      | HP: 2/52 [orc priest/divine providence (13)]
  2828 | D:4      | Slain by an orc

Illustrated notes

Levels and vault maps discovered:
D:1:      dpeg_arrival_round_b, layout_basic,
          shapermc_ecumenical_altar_mp_urbaneastern,
          chequers_serial_rivers_room_a, chequers_decorated_corner,
          chequers_serial_rivers_large_a
D:2:      layout_rooms
D:3:      layout_loops_cross
D:4:      layout_cave_pools, mainiacjoe_overflow_24_doors, marbit_many_paths,
          serial_column_ruins, column_ruins_grid_1, column_ruins_grid_3,
          column_ruins_columns_dead_end, column_ruins_open_small,
          portal_sewer_entry_c, uniq_blork_the_orc

Skill      XL: |  1  2  3  4  5  6 |
---------------+-------------------+-----
Axes           | 3 4 5 6 |  6.4
Shields        | 5 |  5.7
Fighting       | |  3.2
Armour         | |  3.2

Action                     |  1- 3 |  4- 6 |  7- 9 || total
---------------------------+-------+-------+-------++-------
  Melee: War axe           |   101 |   147 |     5 ||   253
    Use: Scroll            |       |     1 |       ||     1
         Potion            |       |     1 |       ||     1
 Armour: Scale mail        |    52 |    76 |       ||   128
  Dodge: Dodged            |    46 |    52 |     3 ||   101
  Block: Buckler           |    23 |    17 |       ||    40
         Kite shield       |       |    63 |     8 ||    71

Table legend: (Time is in decaauts)
 A = Elapsed time spent in this place.
 B = Non-inter-level travel time spent in this place.
 C = Inter-level travel time spent in this place.
 D = Time resting spent in this place.
 E = Time spent auto-exploring this place.
 F = Levels seen in this place.
 G = Mean time per level.
                   A        B        C        D        E       F      G
               +--------+--------+--------+--------+--------+-----+--------+
         Total |   2954 |   2849 |    105 |      0 |   2135 |   5 |  590.8 |
       Dungeon |   2636 |   2531 |    105 |      0 |   1908 |   4 |  659.0 |
         Sewer |    317 |    317 |      0 |      0 |    227 |   1 |  317.0 |
               +--------+--------+--------+--------+--------+-----+--------+

Top non-repeatable levels by time:
     D:3: 854 daAuts
     D:1: 836 daAuts
     D:2: 512 daAuts
     D:4: 432 daAuts
   Sewer: 317 daAuts
